 Dungeon Crawl Stone Soup version 0.24.0 (webtiles) character file.

Game seed: 1319013450877387952, levelgen mode: deterministic

158 Ayyar the Slasher (level 5, 0/41 HPs)
             Began as a Demonspawn Gladiator on Apr 3, 2020.
             Was an Initiate of Okawaru.
             Killed from afar by an orc wizard (7 damage)
             ... with a magic dart
             ... on level 2 of the Dungeon.
             The game lasted 00:08:35 (2703 turns).

Ayyar the Slasher (Demonspawn Gladiator)            Turns: 2703, Time: 00:08:36

Health: 0/41       AC:  8    Str: 15    XL:     5   Next: 16%
Magic:  0/5        EV:  7    Int: 10    God:    Okawaru [......]
Gold:   47         SH:  0    Dex: 14    Spells: 4/4 levels left

rFire    . . .     SeeInvis .   a - +0 long sword
rCold    . . .     Gourm    .   (no shield)
rNeg     . . .     Faith    .   e - +0 chain mail
rPois    .         Spirit   +   (helmet restricted)
rElec    .         Reflect  .   (no cloak)
rCorr    .         Harm     .   (no gloves)
MR       .....                  (no boots)
Stlth    ..........             (no amulet)
HPRegen  0.13/turn              (no ring)
MPRegen  0.09/turn              (no ring)

@: lightly drained
A: antennae 1, hooves 1, magic shield
a: Renounce Religion


You were on level 2 of the Dungeon.
You worshipped Okawaru.
Okawaru was noncommittal.
You were not hungry.

You visited 1 branch of the dungeon, and saw 3 of its levels.

You collected 47 gold pieces.

Inventory:

Hand Weapons
 a - a +0 long sword (weapon)
 r - a +2 hunting sling of flaming
Missiles
 b - 7 poisoned darts (quivered)
 d - 3 throwing nets
Armour
 c - a +0 helmet
 e - a +0 chain mail (worn)
Jewellery
 p - an uncursed amulet of rage
Scrolls
 g - a scroll of fear {unknown}
 h - a scroll of remove curse {unknown}
 i - 5 scrolls of identify {unknown}
 m - a scroll of enchant armour {unknown}
 q - 3 scrolls of teleportation {unknown}
Potions
 j - a potion of lignification
 k - a potion of resistance {unknown}
 l - a potion of degeneration {unknown}
Comestibles
 f - 5 rations


   Skills:
 + Level 3.0(2.7) Fighting
 * Level 3.9(3.7) Long Blades
 + Level 2.7(2.5) Throwing
 + Level 3.3(3.1) Dodging


You had 4 spell levels left.
You didn't know any spells.
Your spell library contained the following spells:

 Spells                   Type           Power        Failure   Level  Hunger
 Ensorcelled Hibernation  Hex/Ice        #.....       100%        2    ###....
 Borgnjor's Vile Clutch   Necr/Erth      #.........   100%        5    ######.
 Silence                  Hex/Air        #.........   100%        5    ######.
 Darkness                 Hex            #.........   100%        6    #######
 Shadow Creatures         Summ           N/A          100%        6    #######


Dungeon Overview and Level Annotations

Branches:
Dungeon (3/15)

Altars:
Fedhas
Kikubaaqudgha
Okawaru
Wu Jian


Innate Abilities, Weirdness & Mutations

You have a pair of small antennae on your head.
You have large cloven feet.
When hurt, damage is shared between your health and your magic reserves.


Message History

Something hits you but does no damage.
There is a stone staircase leading up here.
Something hits you but does no damage.
You climb upwards.
Reactivating autopickup.
There is a stone staircase leading down here.
Deactivating autopickup; reactivate with Ctrl-A.
You miss something. You kick something.
You hear some strange, mumbled words.
A puff of frost appears from out of thin air!
The puff of frost misses you. Something hits you but does no damage.
You closely miss something.
You hear some strange, mumbled words.
A puff of frost appears from out of thin air!
The puff of frost hits you.
* * * LOW HITPOINT WARNING * * *
You hear some strange, mumbled words.
A magic dart appears from out of thin air!
The magic dart hits you!
You die...

#
#################################
................@{.......<.>.....
#################################
##..## ##...##########
##.#.......>..##
..)##########..########
#..######## ##........####
..........# ########....####
.########.#### ####....##


There were no monsters in sight!

Vanquished Creatures
  An orc priest (D:3)
  3 gnolls (D:3)
  3 adders
  A worm (D:3)
  3 leopard geckos
  4 orcs (D:3)
  5 giant cockroaches
  8 goblins
  6 hobgoblins
  2 jackals (D:3)
  11 kobolds
  A quokka (D:2)
  2 ball pythons (D:1)
  2 bats
  4 frilled lizards
  7 rats
63 creatures vanquished.

Notes
Turn   | Place    | Note
-------+----------+-------------------------------------------
     0 | D:1      | Ayyar the Demonspawn Gladiator began the quest for the Orb.
     0 | D:1      | Reached XP level 1. HP: 16/16 MP: 1/1
   146 | D:1      | Gained mutation: You have large cloven feet. [demonic
                  | ancestry]
   146 | D:1      | Reached XP level 2. HP: 20/22 MP: 2/2
  1439 | D:2      | Gained mutation: When hurt, damage is shared between your
                  | health and your magic reserves. [demonic ancestry]
  1439 | D:2      | Reached XP level 3. HP: 26/28 MP: 3/3
  1480 | D:2      | Found an ornate altar of the Wu Jian Council.
  1632 | D:2      | Found an iron altar of Okawaru.
  1633 | D:2      | Found an ancient bone altar of Kikubaaqudgha.
  1659 | D:2      | Became a worshipper of Warmaster Okawaru
  1752 | D:3      | Reached XP level 4. HP: 26/34 MP: 1/4
  2226 | D:3      | Found a blossoming altar of Fedhas.
  2360 | D:3      | HP: 1/34 [orc priest/divine providence (13)]
  2379 | D:3      | HP: 1/34 [orc wizard/puff of flame (2)]
  2691 | D:3      | Gained mutation: You have a pair of small antennae on your
                  | head. [demonic ancestry]
  2691 | D:3      | Reached XP level 5. HP: 28/41 MP: 5/5
  2703 | D:2      | Killed from afar by an orc wizard

Levels and vault maps discovered:
D:1:      psy_arrival_basics, layout_loops_cross, serial_rivers,
          chequers_serial_rivers_room_b, chequers_serial_rivers_small_3,
          chequers_serial_rivers_small_b, chequers_serial_rivers_micro_a,
          chequers_serial_rivers_marsh, chequers_serial_rivers_room_b,
          minmay_pentomino_q2
D:2:      layout_rooms, minitemple, lemuel_round_altar, minmay_misc_feat_doors
D:3:      layout_loops_ring, first_ration, fedhas_altar_1
